 Dungeon Crawl Stone Soup version 0.26.1-11-gd32895ea62 (webtiles) character file.

Game seed: 4650055725090818605

195 adizb the Sneak (level 5, -2/35 HPs)
             Began as an Octopode Brigand on June 25, 2021.
             Was an Initiate of Ashenzari.
             Shot with an arrow by a centaur (11 damage)
             ... on level 5 of the Dungeon.
             The game lasted 00:22:39 (2129 turns).

adizb the Sneak (Octopode Brigand)                  Turns: 2129, Time: 00:22:40

Health: -2/35      AC:  1    Str: 11    XL:     5   Next: 74%
Magic:  5/5        EV: 13    Int: 13    God:    Ashenzari [......]
Gold:   256        SH:  0    Dex: 14    Spells: 4/4 levels left

rFire    . . .     SeeInvis .   e - +2 dagger (speed)
rCold    . . .     Faith    .   (no shield)
rNeg     . . .     Spirit   .   (helmet restricted)
rPois    .         Reflect  .   (no amulet)
rElec    .         Harm     .   f - ring of willpower (curse)
rCorr    .         Rampage  .   (no ring)
Will     +....                  (no ring)
Stlth    ++++......             (no ring)
HPRegen  0.11/turn              (no ring)
MPRegen  0.09/turn              (no ring)
                                (no ring)
                                (no ring)

@: no status effects
A: almost no armour, stealthy swim, amphibious, 8 rings, constrict 8, camouflage
1, gelatinous body 1
a: Renounce Religion, Curse Item


You were on level 5 of the Dungeon.
You worshipped Ashenzari.
Ashenzari was noncommittal.
You visited 1 branch of the dungeon, and saw 5 of its levels.

You collected 256 gold pieces.

Inventory:

Hand Weapons
 a - a +2 dagger
 e - a +2 dagger of speed (weapon)
 t - a +0 hunting sling
 u - a +0 hunting sling
Missiles
 b - 5 poisoned darts
 c - a curare-tipped dart
 n - a boomerang (quivered)
 o - 64 stones
 r - 8 silver javelins
Jewellery
 f - a cursed ring of willpower (left tentacle)
Wands
 q - a wand of enslavement (10)
 v - a wand of acid (5)
Scrolls
 d - 2 scrolls of identify {unknown}
 g - a scroll of enchant armour {unknown}
 i - 2 scrolls of fear {unknown}
 j - 3 scrolls of teleportation
 k - 2 scrolls of enchant weapon {unknown}
 m - 2 scrolls of fog {unknown}
 x - 2 scrolls of remove curse
Potions
 h - 6 potions of curing {unknown}
 l - 2 potions of heal wounds {unknown}
 p - a potion of magic {unknown}
 s - a potion of resistance {unknown}
 w - a potion of flight {unknown}
 z - a potion of invisibility {unknown}


   Skills:
 + Level 2.5 Fighting
 + Level 2.9 Short Blades
 + Level 4.2 Throwing
 + Level 1.0 Dodging
 + Level 6.5 Stealth


You had 4 spell levels left.
You didn't know any spells.
Your spell library contained the following spells:

 Spells                   Type           Power        Failure   Level
 Magic Dart               Conj           0%           30%         1
 Blink                    Tloc           N/A          43%         2
 Call Imp                 Summ           0%           43%         2
 Slow                     Hex            0%           43%         2
 Conjure Flame            Conj/Fire      0%           67%         3
 Mephitic Cloud           Conj/Pois/Air  0%           67%         3


Dungeon Overview and Level Annotations

Branches:
Dungeon (5/15)
 Temple: D:4-7

Altars:
Ashenzari
Ru
Trog


Innate Abilities, Weirdness & Mutations

You cannot wear most types of armour.
You are very stealthy in the water. (Stealth+)
You are amphibious.
You can wear up to eight rings at the same time.
You can use your tentacles to constrict eight enemies at once.
Your skin changes colour to match your surroundings (Stealth+).
Your rubbery body absorbs attacks. (AC +1, EV +1)


Message History

You closely miss the centaur. You squeeze the centaur.
The centaur is heavily wounded.
The centaur hits you.
A gnoll comes into view. It is wielding a +0 spear.
The gnoll shouts!
You hit the centaur.
You squeeze the centaur, but do no damage.
The centaur is heavily wounded.
The centaur barely misses you.
You hit the centaur.
The centaur is heavily wounded.
The centaur hits you.
* * * LOW HITPOINT WARNING * * *
You barely miss the centaur.
The centaur is heavily wounded.
A gnoll comes into view.
The centaur closely misses you. The gnoll barely misses you.
The centaur wields a +0 shortbow.
The centaur shoots an arrow.
The arrow hits you!
You die...

#.# #.# #.#
#.# #.# #
#.#g#
#.#####.#g#
........†/#
#.#####@#.#
#.#.# #c# #
... ##.#.
#.#.# #.# .
..# .# ..#
.


You could see a centaur and 2 gnolls.

Vanquished Creatures
  A scorpion (D:4)
  An orc wizard (D:4)
  A hound skeleton (D:4)
  A gnoll (D:5)
  3 adders
  A white imp (D:4)
  A dart slug (D:3)
  A leopard gecko (D:4)
  11 orcs
  2 ball pythons
  3 bats
  A giant cockroach (D:4)
  6 goblins
  A hobgoblin (D:3)
  3 jackals (D:1)
  2 quokkas
  3 frilled lizards
  2 kobolds
  10 rats
54 creatures vanquished.

Notes
Turn   | Place    | Note
-------+----------+-------------------------------------------
     0 | D:1      | adizb the Octopode Brigand began the quest for the Orb.
     0 | D:1      | Reached XP level 1. HP: 14/14 MP: 1/1
   205 | D:1      | Reached XP level 2. HP: 19/19 MP: 2/2
   465 | D:1      | Reached skill level 6 in Stealth
   821 | D:2      | You fall into a shaft and drop 1 floor!
   834 | D:3      | Reached XP level 3. HP: 24/24 MP: 3/3
   940 | D:3      | Found a bloodstained altar of Trog.
  1159 | D:3      | Reached XP level 4. HP: 17/30 MP: 4/4
  1405 | D:4      | Reached XP level 5. HP: 35/35 MP: 5/5
  1750 | D:4      | Found a broken altar of Ashenzari.
  1755 | D:4      | Became a worshipper of Ashenzari the Shackled
  1958 | D:4      | Found a sacrificial altar of Ru.
  2101 | D:5      | Entered Level 5 of the Dungeon
  2116 | D:5      | Noticed a centaur
  2129 | D:5      | Shot with an arrow by a centaur

Illustrated notes

Levels and vault maps discovered:
D:1:      scummos_arrival_forest, layout_basic, corexii_corridor_pit,
          dk_noncrumbling_4
D:2:      layout_basic
D:3:      layout_rooms, minmay_misc_feat_ornament, bloody_trog
D:4:      layout_cave_pods, lemuel_doored_altar, nicolae_ru_the_path_less_chosen
D:5:      layout_basic, grunt_temple_overflow_holy_war, serial_shops,
          nicolae_shop_overgrown_old_shop, minmay_misc_feat_iff

Skill      XL: |  1  2  3  4  5 |
---------------+----------------+-----
Stealth        | 6 |  6.5
Throwing       | 3 4 |  4.2
Fighting       | |  2.5
Short Blades   | |  2.9
Dodging        | |  1.0

Action                   |  1- 3 |  4- 6 || total
-------------------------+-------+-------++-------
Melee: Dagger            |    35 |    33 ||    68
       Tentacles         |     8 |     9 ||    17
       Constrict         |    11 |     4 ||    15
Throw: Dart              |    49 |       ||    49
       Boomerang         |     5 |    37 ||    42
Invok: Curse Item        |       |     1 ||     1
  Use: Scroll            |       |     1 ||     1
Armor: Skin              |     1 |       ||     1
Dodge: Dodged            |    13 |    10 ||    23
